 Dungeon Crawl Stone Soup version 0.28-a0-793-g31680bbd8b (webtiles) character file.

Game seed: 14230492885365282014

50 croobank the Magician (level 3, -6/20 HPs)
             Began as a Deep Elf Hedge Wizard on Nov 4, 2021.
             Mangled by Terence (7 damage)
             ... on level 3 of the Dungeon.
             The game lasted 00:13:30 (2130 turns).

croobank the Magician (Deep Elf Hedge Wizard)       Turns: 2130, Time: 00:13:31

Health: -6/20      AC:  3    Str:  7    XL:     3   Next: 55%
Magic:  6/11       EV: 12    Int: 19    God:
Gold:   78         SH:  0    Dex: 14    Spells: 0/12 levels left

rFire   . . .      SeeInvis .   d - +0 flail
rCold   . . .      Faith    .   (no shield)
rNeg    . . .      Spirit   .   b - +0 robe
rPois   .          Reflect  .   c - +0 hat
rElec   .          Harm     .   (no cloak)
rCorr   .          Rampage  .   i - +0 pair of gloves
Will    .....                   (no boots)
Stlth   ++........              (no amulet)
HPRegen 0.06/turn               (no ring)
MPRegen 0.12/turn               (no ring)

@: very slightly contaminated
A: no striking features
a: no special abilities


You were on level 3 of the Dungeon.
You visited 1 branch of the dungeon, and saw 3 of its levels.

You collected 78 gold pieces.

Inventory:

Hand Weapons
 a - a +0 dagger
 d - a +0 flail (weapon)
 f - a +0 hand axe
Missiles
 e - 15 poisoned darts
 h - 56 stones
Armour
 b - a +0 robe (worn)
 c - a +0 hat (worn)
 i - a +0 pair of gloves (worn)
Jewellery
 l - an amulet of faith
Scrolls
 g - a scroll of torment {unknown}
 k - a scroll of identify {unknown}
Potions
 j - a potion of curing {unknown}


   Skills:
 + Level 0.4 Fighting
 + Level 0.3 Short Blades
 + Level 2.6 Dodging
 + Level 3.3 Stealth
 + Level 5.3 Spellcasting
 + Level 1.5 Conjurations
 + Level 1.1 Summonings
 + Level 1.1 Translocations


You couldn't memorise any spells.
You knew the following spells:

 Your Spells              Type           Power      Damage    Failure   Level
a - Magic Dart            Conj           44%        1d5       6%          1
b - Slow                  Hex            20%        N/A       12%         1
c - Blink                 Tloc           18%        N/A       12%         2
d - Call Imp              Summ           9%         N/A       12%         2
e - Conjure Flame         Conj/Fire      8%         6-21      26%         3
f - Mephitic Cloud        Conj/Pois/Air  7%         N/A       28%         3

Your spell library contained the following spells:

 Spells                   Type           Power      Damage    Failure   Level
 Confusing Touch          Hex            5%         N/A       34%         3
 Ignite Poison            Fire/Tmut/Pois 5%         N/A       34%         3
 Freezing Cloud           Conj/Ice/Air   3%         6-21      95%         5
 Yara's Violent Unravell  Hex/Tmut       2%         3d3       97%         5


Dungeon Overview and Level Annotations

Branches:
Dungeon (3/15)

Altars:

Shops:
D:2 [:((

Annotations:
D:3 Terence


Message History

Terence is lightly wounded.
A worm comes into view.
Aiming: Magic Dart (safe; 6% risk of failure)
Press: ? - help, Q - select action, (/) - cycle Shift-Dir - straight line, f/p - Terence
Aim: Terence, wielding a +0 mace and wearing a +0 chain mail (lightly wounded, 100% to hit)
The magic dart hits Terence but does no damage.
Terence is lightly wounded.
Aiming: Magic Dart (safe; 6% risk of failure)
Press: ? - help, Q - select action, (/) - cycle Shift-Dir - straight line, f/p - Terence
Aim: Terence, wielding a +0 mace and wearing a +0 chain mail (lightly wounded, 100% to hit)
You miscast Magic Dart.
Nothing appears to happen.
Your magical contamination has completely faded away.
Aiming: Magic Dart (safe; 6% risk of failure)
Press: ? - help, Q - select action, (/) - cycle Shift-Dir - straight line, f/p - Terence
Aim: Terence, wielding a +0 mace and wearing a +0 chain mail (lightly wounded, 100% to hit)
The magic dart hits Terence but does no damage.
Terence is lightly wounded.
Terence barely misses you.
Aiming: Magic Dart (safe; 6% risk of failure)
Press: ? - help, Q - select action, (/) - cycle Shift-Dir - straight line, f/p - Terence
Aim: Terence, wielding a +0 mace and wearing a +0 chain mail (lightly wounded, 100% to hit)
You miscast Magic Dart.
You are very lightly contaminated with residual magic.
Nothing appears to happen.
Terence barely misses you.
You hit Terence but do no damage.
Terence is lightly wounded.
Terence closely misses you. Terence hits you with a +0 mace.
You barely miss Terence.
Terence is lightly wounded.
Terence hits you with a +0 mace!
You hit Terence but do no damage.
Terence is lightly wounded.
Terence hits you with a +0 mace!
* * * LOW HITPOINT WARNING * * *
Terence barely misses you.
You hit Terence but do no damage.
Terence is lightly wounded.
Terence hits you with a +0 mace!
You die...

..####### #.......#
#########.########
.#@@.....w.....<..w
................###...##
####..................#
#.##.######..###..... #.
#.# #..# .#### # #.#
#..# .# ..# #..# .# #.#
#..# .# #..#


You could see Terence and a worm.

Vanquished Creatures
  An adder (D:2)
  2 dart slugs (D:1)
  7 bats (D:1)
  3 endoplasms (D:1)
  2 giant cockroaches (D:1)
  2 goblins (D:2)
  4 hobgoblins
  6 jackals
  A quokka (D:1)
  2 ball pythons (D:1)
  2 frilled lizards
  2 rats (D:1)
34 creatures vanquished.

Notes
Turn   | Place    | Note
-------+----------+-------------------------------------------
     0 | D:1      | croobank the Deep Elf Hedge Wizard began the quest for the
                  | Orb.
     0 | D:1      | Reached XP level 1. HP: 10/10 MP: 7/7
     2 | D:1      | Learned a level 1 spell: Slow
   188 | D:1      | Reached XP level 2. HP: 11/15 MP: 6/9
   312 | D:1      | Reached skill level 5 in Spellcasting
  1117 | D:1      | Found a faded altar of an unknown god.
  1195 | D:1      | Reached XP level 3. HP: 20/20 MP: 8/11
  1270 | D:1      | Learned a level 2 spell: Blink
  1273 | D:1      | Learned a level 2 spell: Call Imp
  1277 | D:1      | Learned a level 3 spell: Conjure Flame
  1574 | D:2      | Found Joetol's Book Shoppe.
  1626 | D:2      | Found Kipafei's Antique Armour Shoppe.
  1694 | D:2      | Found Wasomysk's Weapon Shoppe.
  1844 | D:2      | Found Dire's Antique Weapon Boutique.
  2086 | D:3      | Learned a level 3 spell: Mephitic Cloud
  2108 | D:3      | Noticed Terence
  2129 | D:3      | HP: 1/20 [Terence (8)]
  2130 | D:3      | Mangled by Terence

Illustrated notes

Levels and vault maps discovered:
D:1:      dpeg_arrival_rhombi, layout_basic, hellmonk_ecumenical_altar_zigzags
D:2:      layout_rooms, serial_shops, shop,
          nicolae_shop_competitors_out_of_business, shop, shop
D:3:      layout_loops_ring, kennysheep_big_empty_room,
          guppyfry_early_lair_pool, uniq_terence, uniq_ijyb

Skill      XL: |  1  2  3 |
---------------+----------+-----
Spellcasting   | 5 |  5.3
Stealth        | 3 |  3.3
Fighting       | |  0.4
Short Blades   | |  0.3
Dodging        | |  2.6
Conjurations   | |  1.5
Summonings     | |  1.1
Translocations | |  1.1

Action                   || total
-------------------------++-------
Melee: Dagger            ||    16
       Flail             ||    52
 Cast: Magic Dart        ||    59
 Stab: Sleeping          ||     2
Armor: Robe              ||    19
Dodge: Dodged            ||    69

Table legend: (Time is in decaauts)
 A = Elapsed time spent in this place.
 B = Non-inter-level travel time spent in this place.
 C = Inter-level travel time spent in this place.
 D = Time resting spent in this place.
 E = Time spent auto-exploring this place.
 F = Levels seen in this place.
 G = Mean time per level.
                   A        B        C        D        E       F      G
               +--------+--------+--------+--------+--------+-----+--------+
         Total |   2149 |   2130 |     19 |     84 |   1646 |   3 |  716.3 |
       Dungeon |   2149 |   2130 |     19 |     84 |   1646 |   3 |  716.3 |
               +--------+--------+--------+--------+--------+-----+--------+

Top non-repeatable levels by time:
     D:1: 1587 daAuts
     D:2: 506 daAuts
     D:3: 55 daAuts
